 Dungeon Crawl Stone Soup version 0.27.1-33-g824d729ab1 (webtiles) character file.

Game seed: 11680557411142449983

44 belegose the Grasshopper (level 3, -2/28 HPs)
             Began as a Demonspawn Warper on Dec 13, 2021.
             Succumbed to an adder's poison
             ... on level 2 of the Dungeon.
             The game lasted 00:03:40 (3249 turns).

belegose the Grasshopper (Demonspawn Warper)        Turns: 3249, Time: 00:03:40

Health: -2/28      AC:  4    Str: 12    XL:     3   Next: 41%
Magic:  6/6        EV: 12    Int: 14    God:
Gold:   109        SH:  0    Dex: 12    Spells: 6/6 levels left

rFire    . . .     SeeInvis .   a - +0 mace
rCold    + . .     Faith    .   (no shield)
rNeg     . . .     Spirit   .   n - +2 robe {rC+}
rPois    .         Reflect  .   (helmet restricted)
rElec    .         Harm     .   (no cloak)
rCorr    .         Rampage  .   (no gloves)
Will     .....                  (no boots)
Stlth    +.........             (no amulet)
HPRegen  0.09/turn              (no ring)
MPRegen  0.10/turn              (no ring)

@: lethally poisoned (-2 -> -17), flying
A: antennae 1, powered by pain 1
a: no special abilities


You were on level 2 of the Dungeon.
You visited 1 branch of the dungeon, and saw 3 of its levels.

You collected 109 gold pieces.

Inventory:

Hand Weapons
 a - a +0 mace (weapon)
Missiles
 d - 5 boomerangs of dispersal (quivered)
 f - 14 poisoned darts
 m - 23 stones
Armour
 n - a +2 robe of cold resistance (worn)
Scrolls
 c - a scroll of blinking
 e - a scroll of amnesia {unknown}
 g - 4 scrolls of torment {unknown}
 h - a scroll of identify {unknown}
 i - a scroll of teleportation {unknown}
 k - a scroll of magic mapping {unknown}
Potions
 l - a potion of curing {unknown}


   Skills:
 + Level 2.5 Fighting
 + Level 2.3 Maces & Flails
 + Level 1.6 Throwing
 - Level 0.8 Armour
 + Level 2.3 Dodging
 - Level 2.0 Spellcasting
 - Level 2.6 Translocations


You had 6 spell levels left.
You didn't know any spells.
Your spell library contained the following spells:

 Spells                   Type           Power      Damage    Failure   Level
 Blink                    Tloc           N/A        N/A       12%         2
 Gell's Gravitas          Tloc           4%         N/A       24%         3
 Lesser Beckoning         Tloc           4%         N/A       24%         3
 Teleport Other           Tloc           8%         N/A       24%         3
 Slow                     Hex            1%         N/A       34%         2
 Static Discharge         Conj/Air       1%         N/A       34%         2
 Confusing Touch          Hex            1%         N/A       56%         3
 Vampiric Draining        Necr           0%         2d6       56%         3
 Manifold Assault         Tloc           8%         N/A       91%         5
 Dispel Undead            Necr           1%         3d6       93%         4
 Sticky Flame             Conj/Fire      1%         2d3       93%         4


Dungeon Overview and Level Annotations

Branches:
Dungeon (3/15)

Altars:

Shops:
D:1 (


Innate Abilities, Weirdness & Mutations

You have a pair of small antennae on your head.
You sometimes gain a little power by taking damage.


Message History

You climb upwards.
There is a stone staircase leading down here.
Unknown command.
The adder hisses angrily.
You hit the adder.
The adder is heavily wounded.
The adder bites you.
You are poisoned.
The adder poisons you!
You closely miss the adder.
The adder is heavily wounded.
You feel sick. The adder bites you.
You are more poisoned.
The adder poisons you! The adder bites you.
You barely miss the adder.
The adder is heavily wounded.
You feel sick. The adder closely misses you.
You hit the adder.
The adder is almost dead.
You feel sick. The adder bites you.
You are more poisoned.
The adder poisons you! The adder misses you.
You barely miss the adder.
The adder is almost dead.
You feel very sick. The adder bites you.
You are lethally poisoned!
The adder poisons you! The adder bites you.
* * * LOW HITPOINT WARNING * * *
You are more poisoned.
The adder poisons you!
You closely miss the adder.
The adder is almost dead.
* * * LOW HITPOINT WARNING * * *
You feel very sick. The adder bites you but does no damage.
It was a potion of flight.
You feel very buoyant.
You fly up into the air.
You die...

............'......####...#.# #..
########....##..#....####.#.###..
#........#....# #..#......
###........#....# #.######..
#..........#..### #.# #..
#..........#..#####.# #..
#.................#.# #..
#.........>.......#.# #..
###.......#@......#.# #.#
#.......#S......#.######.#
###.......#..............#.#
#.........+..........###.#.#
#.#.#...###..........# #.#.#
#.#..................# #.#..
#.#.###..##########..# #.#..
#.#........<.....#...# #...#
#.#####.#.#.####.#..####.#.#


You could see an adder.

Vanquished Creatures
  An adder (D:2)
  A worm (D:2)
  A dart slug (D:2)
  A ball python (D:2)
  2 bats
  An endoplasm (D:1)
  5 giant cockroaches
  5 goblins
  2 hobgoblins (D:1)
  3 quokkas (D:1)
  3 frilled lizards
  A kobold (D:2)
  A rat (D:1)
27 creatures vanquished.

Notes
Turn   | Place    | Note
-------+----------+-------------------------------------------
     0 | D:1      | belegose the Demonspawn Warper began the quest for the Orb.
     0 | D:1      | Reached XP level 1. HP: 16/16 MP: 3/3
   123 | D:1      | Reached skill level 1 in Throwing
   430 | D:1      | Gained mutation: You have a pair of small antennae on your
                  | head. [demonic ancestry]
   430 | D:1      | Reached XP level 2. HP: 17/22 MP: 5/5
   496 | D:1      | Found a faded altar of an unknown god.
  1059 | D:1      | Found Hacw's Antique Weapon Boutique.
  2023 | D:2      | Gained mutation: You sometimes gain a little power by
                  | taking damage. [demonic ancestry]
  2023 | D:2      | Reached XP level 3. HP: 26/28 MP: 6/6
  3248 | D:2      | HP: 1/28 [poisoned by an adder]
  3249 | D:2      | Succumbed to an adder's poison

Illustrated notes

Levels and vault maps discovered:
D:1:      nzn_arrival_depleted_hourglass, layout_basic, serial_shops,
          nicolae_shop_statue_plus, chequers_ecumenical_altar_twisty,
          minmay_misc_feat_plants, moated_statue
D:2:      layout_basic
D:3:      layout_loops_ring, okawaru_altar_gauntlet_db, fedhas_ov_isle_minmay,
          portal_sewer_entry_e, uniq_natasha

Skill      XL: |  1 |
---------------+----+-----
Throwing       | 1 |  1.6
Maces & Flails | 2 |  2.3
Dodging        | 2 |  2.3
Fighting       | |  2.5
Armour         | |  0.8
Spellcasting   | |  2.0
Translocations | |  2.6

Action                   || total
-------------------------++-------
Melee: Mace              ||   113
  Use: Potion            ||     1
 Stab: Sleeping          ||     1
Armor: Leather armour    ||    36
       Robe              ||     1
Dodge: Dodged            ||    83
